Schmensch, lawful female human Priestess ---- ----..|-- |....<|.-- -- --....@.....| ---.h.............. |.....-- .......?.| -...--- - ......| ..h.| - .---- ...|.| -- ..-|.| -.. |. --- --- Schmensch the Priestess Experience level: 3 Strength: 13 Dexterity: 11 Constitution: 15 Intelligence: 16 Wisdom: 9 Charisma: 10 Health: 0(26) Energy: 28(32) Def: 3 Gold: 362 Moves: 1421 Dungeon seed [set]: Game ID: Schmensch_1676206688 Your Inventory: Coins $ - 362 gold pieces Weapons a - a blessed +1 mace (weapon in hand) Armor e - an uncursed +0 robe (being worn) n - an uncursed +0 small shield (being worn) q - an uncursed +0 elven shield Comestibles u - an uncursed tripe ration Scrolls l - 2 uncursed scrolls of scare monster m - an uncursed scroll of light Spellbooks g - an uncursed spellbook of cure blindness h - an uncursed spellbook of light i - an uncursed spellbook of protection t - an uncursed spellbook of protection v - an uncursed spellbook of force bolt Potions b - 4 potions of holy water k - an uncursed potion of speed o - an uncursed potion of water w - an uncursed potion of hallucination Wands f - an uncursed wand of cancellation (0:1) Tools s - an uncursed sack Gems r - an uncursed worthless piece of yellowish brown glass y - an uncursed worthless piece of blue glass z - an uncursed worthless piece of white glass N - an uncursed worthless piece of orange glass Spells and supernatural/magical abilities: Name Level Category Fail Memory a - force bolt 1 attack 0% 98% l - light 1 divination 0% 93% p - protection 1 clerical 0% 93% B - cure blindness 2 healing 45% 93% W - pray for help -- divine ? -- X - turn undead -- divine ? -- Your skills at the end: Miscellaneous Skills shield [Basic] wands [Basic] stealth [Skilled] Weapon Skills mace [Basic] Spellcasting Skills clerical spells [Basic] Final Attributes: You were fervently aligned. You were stealthy. You are dead. Vanquished creatures: a kitten a hobgoblin 2 giant rats 3 gnomes 7 jackals 3 newts 2 sewer rats 5 grid bugs 2 bats a lichen 27 creatures vanquished. Voluntary challenges: You did not adorn yourself with jewelry or accessories. You did not cause conflict. You were not invisible. You did not have reflection. You were not displaced. You were an atheist. You used a wielded weapon 27 times, starting on turn 146. You did not apply a unicorn horn. You did not use plumbed fixtures. You did not drink any magical draughts. You read items or engraved 2 times, starting on turn 878. You never genocided any monsters. You never polymorphed an object. You never changed form. You used no wishes. You did not use any artifacts. You never split a pudding. You never wrote Elbereth's name. You never violated your personal moral code. Dungeon overview: The Dungeons of Doom: levels 1 to 3 Level 1 a fountain a long staircase Level 2 a potion shop, a fountain Level 3 a fountain stairs to The Gnomish Mines The Gnomish Mines: levels 4 to 5 Level 4 stairs to The Dungeons of Doom Level 5 <- You were here History has recorded: On T:1 you entered the Dungeons of Doom to retrieve the Amulet of Yendor! On T:326 you reached level 2 of The Dungeons of Doom. On T:856 you reached level 3 of The Dungeons of Doom. On T:925 you advanced to experience level 2. On T:1315 you advanced to experience level 3. On T:1403 you reached level 1 of The Gnomish Mines. On T:1405 you reached level 2 of The Gnomish Mines. Score breakdown: Gold: 362 ( 36 points) Experience: 3 levels ( 200 points) Exploration: 5 levels ( 120 points) Discoveries: 11 items ( 550 points) Variety of kills: 10 monsters ( 500 points) Major goal: (nothing yet) ( 0 points) Survival: died (score multiplied by 3) Total score: 4218 Latest messages: You see here an uncursed sewer rat corpse. This sewer rat corpse tastes terrible! You finish eating the sewer rat corpse. Nowhere else around here can be automatically explored. (2x) Where do you want to travel to? You hear bubbling water. You hit the gnome. You kill the gnome! (3x) The dwarf lord wields a dagger! The spell misses the dwarf lord. There are a few objects here. The dwarf lord thrusts his dagger at you. The dwarf lord stabs you! The dwarf lord thrusts his dagger at you. The dwarf lord stabs you! You hit the dwarf lord! (2x) The dwarf lord thrusts his dagger at you. The dwarf lord stabs you! The dwarf lord thrusts his dagger at you. The dwarf lord stabs you! You die... The sack is empty. The sack is empty. Final status: Goodbye Schmensch the Priestess, killed by a dwarf lord... You died in The Gnomish Mines on dungeon level 5 with 4218 points, and 362 pieces of gold, after 1421 moves. You were level 3 with a maximum of 26 hit points when you died.